 Dungeon Crawl Stone Soup version 0.30-b1-2-g02819fbbbe (webtiles) character file.

Game seed: 14696408847083989319

150 Alarkh the Trooper (level 5, -1/44 HPs)
             Began as a Demonspawn Artificer on Nov 22, 2023.
             Slain by Crazy Yiuf
             ... wielding a +4 quarterstaff of chaos
              (8 damage)
             ... on level 3 of the Dungeon.
             The game lasted 00:02:33 (2401 turns).

Alarkh the Trooper (Demonspawn Artificer)           Turns: 2401, Time: 00:02:34

Health: -1/44      AC:  4    Str: 13    XL:     5   Next: 10%
Magic:  5/5        EV: 16    Int: 14    God:
Gold:   148        SH:  0    Dex: 13    Spells: 4/4 levels left

rFire   + . .        a - +0 dagger
rCold   + . .        (no shield)
rNeg    . . .        j - +2 robe {rC+ rF+}
rPois   .            (no helmet)
rElec   .            (no cloak)
rCorr   .            (no gloves)
SInv    .            (no boots)
Will    .....        g - amulet of magic regeneration
Stlth   ++           f - +5 ring of evasion
HPRegen 0.27/turn    (no ring)
MPRegen 0.49/turn

%: no passive effects
@: hasted, very quick
A: weakness stinger 2
a: no special abilities


You were on level 3 of the Dungeon.
You visited 1 branch of the dungeon, and saw 3 of its levels.

You collected 148 gold pieces.

Inventory:

Hand Weapons
 a - a +0 dagger (weapon)
Missiles
 h - a throwing net
Armour
 b - a +0 leather armour
 j - a +2 robe of resistance (worn)
Jewellery
 f - a +5 ring of evasion (left hand)
 g - an amulet of magic regeneration (around neck)
Wands
 c - a wand of flame (14) (quivered)
 d - a wand of charming (15)
 e - a wand of iceblast (3)
Scrolls
 i - a scroll of summoning {unknown}
 k - a scroll of poison {unknown}
 m - 2 scrolls of enchant armour {unknown}
 o - 2 scrolls of magic mapping {unknown}
 p - 2 scrolls of teleportation {unknown}
 r - 3 scrolls of identify {unknown}
 t - a scroll of amnesia {unknown}
 u - a scroll of immolation {unknown}
Potions
 l - 2 potions of haste
 q - a potion of attraction {unknown}
 s - a potion of heal wounds {unknown}


   Skills:
 + Level 5.0 Fighting
 - Level 1.7 Armour
 - Level 0.8 Dodging
 - Level 0.8 Stealth
 - Level 3.0 Evocations


You had 4 spell levels left.
You didn't know any spells.
Your spell library contained the following spells:

 Spells                   Type           Power      Damage    Failure   Level
 Sandblast                Erth           0%         2d4       28%         1
 Passwall                 Tmut/Erth      0%         N/A       41%         2
 Stone Arrow              Conj/Erth      0%         3d7       65%         3
 Tukima's Dance           Hex            0%         N/A       65%         3
 Passage of Golubria      Tloc           0%         N/A       96%         4
 Yara's Violent Unravell  Hex/Tmut       0%         3d3       100%        5


Dungeon Overview and Level Annotations

Branches:
Dungeon (3/15)

Altars:

Annotations:
D:3 Crazy Yiuf


Innate Abilities, Weirdness & Mutations

You have a tail ending in a sharp stinger.


Message History

You hit Crazy Yiuf.
Crazy Yiuf is moderately wounded.
Crazy Yiuf hits you with a +4 quarterstaff of chaos!
You are poisoned.
You hit Crazy Yiuf.
Crazy Yiuf is moderately wounded.
You feel very sick.
Crazy Yiuf hits you with a +4 quarterstaff of chaos!
Crazy Yiuf freezes you.
You are too injured to fight recklessly!
It was a potion of haste.
You feel yourself speed up.
You feel sick.
Crazy Yiuf hits you with a +4 quarterstaff of chaos.
* * * LOW HITPOINT WARNING * * *
It was a potion of curing.
You feel better.
You hit Crazy Yiuf.
Crazy Yiuf is moderately wounded.
Crazy Yiuf closely misses you.
You hit Crazy Yiuf.
Crazy Yiuf is heavily wounded.
You hit Crazy Yiuf but do no damage.
You tail-slap Crazy Yiuf, but do no damage.
Crazy Yiuf is heavily wounded.
Crazy Yiuf barely misses you.
You barely miss Crazy Yiuf.
Crazy Yiuf is heavily wounded.
Crazy Yiuf hits you with a +4 quarterstaff of chaos!
* * * LOW HITPOINT WARNING * * *
Crazy Yiuf freezes you.
* * * LOW HITPOINT WARNING * * *
You barely miss Crazy Yiuf.
Crazy Yiuf is heavily wounded.
You hit Crazy Yiuf.
You tail-slap Crazy Yiuf, but do no damage.
Crazy Yiuf is severely wounded.
Crazy Yiuf completely misses you.
You barely miss Crazy Yiuf. You tail-slap Crazy Yiuf.
Crazy Yiuf is almost dead.
Crazy Yiuf whimpers, "Hah!"
Crazy Yiuf hits you with a +4 quarterstaff of chaos!
You die...

.###.....######....#
#........... .#
#####.### #)...#
#...#.......
.#######...# ♣....♣
#...#.......
..........## ♣♣.♣.♣
#...#...####
.#.........# ♣♣.♣♣
#..)#...# .#.........#
♣♣.♣ #...#...####
##.........# ♣.♣♣
#...#.......
...........# ♣♣.♣
#...#.......
##.........# ♣@♣♣
#...#.......
...........# #g#
#...#.......
.#.........# ...
#...##......
.#[........# #...#
#...##......
...........# #)..#
#.####......
#....####### ##### #.#
#####'# ...).).)...# #.#
#.#
#...)#################.#
###.# #....#
#...........### #...#


You could see Crazy Yiuf.

Vanquished Creatures
  4 gnolls (D:3)
  5 adders
  A dart slug (D:1)
  8 endoplasms
  4 giant cockroaches
  4 goblins
  7 hobgoblins
  2 jackals (D:2)
  4 kobolds (D:1)
  2 quokkas
  8 ball pythons
  3 bats
  3 frilled lizards
  9 rats
64 creatures vanquished.

Vanquished Creatures (others)
  3 plants (D:1)
3 creatures vanquished.

Grand Total: 67 creatures vanquished

Notes
Turn   | Place    | Note
-------+----------+-------------------------------------------
     0 | D:1      | Alarkh the Demonspawn Artificer began the quest for the
                  | Orb.
     0 | D:1      | Reached XP level 1. HP: 15/15 MP: 1/1
   287 | D:1      | Reached skill level 2 in Fighting
   314 | D:1      | Gained mutation: You have a small tail. [demonic ancestry]
   314 | D:1      | Reached XP level 2. HP: 21/22 MP: 2/2
   573 | D:1      | Reached skill level 3 in Fighting
   604 | D:1      | Reached XP level 3. HP: 29/29 MP: 3/3
   716 | D:2      | Identified the +2 robe of Disappointment {rF+}
  1315 | D:2      | Gained mutation: You have a tail ending in a sharp stinger.
                  | [demonic ancestry]
  1315 | D:2      | Reached XP level 4. HP: 34/37 MP: 4/4
  1510 | D:3      | Reached skill level 4 in Fighting
  1848 | D:3      | Found a runed translucent door.
  1849 | D:3      | Noticed Crazy Yiuf
  2061 | D:3      | Reached XP level 5. HP: 25/43 MP: 5/5
  2214 | D:3      | Reached skill level 5 in Fighting
  2401 | D:3      | Slain by Crazy Yiuf

Illustrated notes

Levels and vault maps discovered:
D:1:      dpeg_arrival_rooms_b, layout_basic, minmay_misc_feat_square,
          serial_bayou_lake_a
D:2:      layout_rooms, hangedman_decor_slide_cut
D:3:      layout_basic, uniq_crazy_yiuf_cottage

Skill      XL: |  1  2  3  4  5 |
---------------+----------------+-----
Fighting       | 2 3 4 5 |  5.0
Armour         | |  1.7
Dodging        | |  0.8
Stealth        | |  0.8
Evocations     | |  3.0

Action                     |  1- 3 |  4- 6 || total
---------------------------+-------+-------++-------
  Melee: Club              |    51 |       ||    51
         Punch             |     2 |       ||     2
         Dagger            |   169 |   100 ||   269
         Tailslap          |    22 |     9 ||    31
  Evoke: Wand              |     1 |     2 ||     3
    Use: Potion            |       |     2 ||     2
   Stab: Sleeping          |     4 |     1 ||     5
 Armour: Leather armour    |    14 |       ||    14
         Robe              |    30 |    20 ||    50
  Dodge: Dodged            |   207 |    70 ||   277
